 Dungeon Crawl Stone Soup version 0.27.1-34-g3ba077fa99 (webtiles) character file.

Game seed: 2285272403394149923

60419 Sharkman1231 the Martial Artist (level 14, -3/104 HPs)
             Began as a Demonspawn Chaos Knight on Jan 18, 2022.
             Was a Plaything of Xom.
             Slain by a ghost moth (10 damage)
             ... on level 15 of the Dungeon.
             The game lasted 00:18:42 (14517 turns).

Sharkman1231 the Martial Artist (DsCK)             Turns: 14517, Time: 00:18:43

Health: -3/104     AC: 13    Str: 10 (11) XL:     14   Next: 56%
Magic:  1/20       EV: 16    Int: 12 (14) God:    Xom [*.....]
Gold:   741        SH:  5    Dex: 16 (17) Spells: 19/21 levels left

rFire    + + +     SeeInvis +     - Unarmed
rCold    . . .     Faith    .   t - +0 buckler
rNeg     . . .     Spirit   .   M - +0 steam dragon scales
rPois    .         Reflect  .   C - +2 helmet
rElec    .         Harm     .   (no cloak)
rCorr    .         Rampage  .   (no gloves)
Will     +....     Clarity  +   B - +0 pair of boots
Stlth    ++........             z - amulet of regeneration
HPRegen  1.27/turn              y - +4 ring of slaying
MPRegen  0.17/turn              m - ring of protection from fire

@: no status effects
A: claws 2, rugged brown scales 2, ignite blood 2, demonic magic 1, thin
skeletal structure 1, see invisible, clarity, deterioration 1, dopey 1, fire
resistance 3, frail 1, screaming 1, weak 1, wild magic 1
a: Renounce Religion


You were on level 15 of the Dungeon.
You worshipped Xom.
You were a special plaything of Xom.
You visited 2 branches of the dungeon, and saw 16 of its levels.
You also visited: Ice Cave.

You collected 903 gold pieces.
You spent 162 gold pieces at shops.

Inventory:

Hand Weapons
 b - a +1 short sword of venom
Missiles
 R - a throwing net (quivered)
Armour
 t - a +0 buckler (worn)
 B - a +0 pair of boots (worn)
 C - a +2 helmet (worn)
 M - +0 steam dragon scales (worn)
 S - a +2 kite shield
 T - the +2 ring mail of Neth {+Inv rF+ rN+}
   (You found it on level 11 of the Dungeon)

   rF:        It protects you from fire.
   rN:        It protects you from negative energy.
   +Inv:      It lets you turn invisible.
Jewellery
 f - a +6 ring of dexterity
 m - a ring of protection from fire (right claw)
 p - an amulet of reflection
 y - a +4 ring of slaying (left claw)
 z - an amulet of regeneration (around neck)
 F - an amulet of guardian spirit
 I - a ring of see invisible
 L - a ring of resist corrosion
 O - a ring of fire
 Q - a +4 ring of evasion
 U - a ring of positive energy
 W - a ring of protection from fire
 Y - a +4 ring of evasion
Wands
 a - a wand of charming (17)
 x - a wand of iceblast (3)
 A - a wand of polymorph (7)
 K - a wand of acid (2)
 V - a wand of digging (8)
Scrolls
 e - 3 scrolls of blinking {unknown}
 k - 2 scrolls of silence {unknown}
 l - 3 scrolls of magic mapping
 o - 3 scrolls of teleportation
 r - a scroll of summoning
 s - 3 scrolls of enchant weapon
 u - 5 scrolls of enchant armour {unknown}
 w - 8 scrolls of amnesia
 D - 5 scrolls of immolation {unknown}
 J - 2 scrolls of fog {unknown}
 P - 2 scrolls of fear {unknown}
 X - a scroll of noise {unknown}
Potions
 c - 3 potions of resistance
 d - 3 potions of attraction
 g - a potion of cancellation
 i - 4 potions of flight
 j - a potion of magic
 n - 2 potions of ambrosia
 q - a potion of heal wounds
 v - 6 potions of curing
 G - 3 potions of brilliance
 H - a potion of might
 N - a potion of lignification {unknown}
 Z - a potion of mutation {unknown}
Miscellaneous
 h - a condenser vane (inert)


   Skills:
 - Level 10.0 Fighting
 - Level 6.0 Short Blades
 - Level 3.4 Maces & Flails
 - Level 8.0 Armour
 - Level 8.0 Dodging
 - Level 4.0 Shields
 * Level 14.1 Unarmed Combat
 - Level 4.0 Spellcasting
 - Level 6.0 Necromancy


You had 19 spell levels left.
You knew the following spells:

 Your Spells              Type           Power      Damage    Failure   Level
a - Corpse Rot            Necr/Air       N/A        N/A       14%         2

Your spell library contained the following spells:

 Spells                   Type           Power      Damage    Failure   Level
 Ensorcelled Hibernation  Hex/Ice        6%         N/A       41%         2
 Poisonous Vapours        Pois/Air       6%         N/A       41%         2
 Spider Form              Tmut/Pois      1%         N/A       63%         3
 Stone Arrow              Conj/Erth      6%         3d7       63%         3
 Olgreb's Toxic Radiance  Pois           3%         N/A       95%         4
 Bolt of Magma            Conj/Fire/Erth 1%         4d4       100%        5
 Freezing Cloud           Conj/Ice/Air   1%         6-21      100%        5
 Shadow Creatures         Summ           N/A        N/A       100%        6
 Malign Gateway           Summ/Tloc      1%         N/A       100%        7
 Ozocubu's Refrigeration  Ice            1%         4d5       100%        7
 Ignition                 Fire           1%         3d3       100%        8
 Summon Horrible Things   Summ           1%         N/A       100%        8
 Shatter                  Erth           1%         3d6*      100%        9


Dungeon Overview and Level Annotations

Branches:
Dungeon (15/15)            Temple (1/1) D:4            Lair (0/6) D:11
    Orc (0/2) D:11         Vaults (0/5) D:13          IceCv (visited)
 Depths: D:15

Altars:
Cheibriados
Elyvilon
Okawaru
Sif Muna
Trog
Uskayaw
Xom

Shops:
D:7 *

Portals:
Abyss: D:4

Annotations:
D:4 2 transporters, Fek's ghost, amateur MiBe
D:7 2 transporters, KrombopulosMichael's ghost, novice FoEE
D:14 Roxanne


Innate Abilities, Weirdness & Mutations

You have very sharp fingernails.
You are mostly covered in rugged brown scales. (AC +2, +5% HP)
Your demonic aura often causes spilled blood to erupt in flames.
Spells you cast may paralyse adjacent enemies.
You have a somewhat thin skeletal structure. (Dex +2, Stealth+)
You have supernaturally acute eyesight. (SInv)
You possess an exceptional clarity of mind.
Your body sometimes deteriorates upon taking damage.
You are dopey. (Int -2)
Your flesh is almost immune to the effects of heat. (rF+++)
You are frail. (-10% HP)
You occasionally shout uncontrollably at your foes.
You are weak. (Str -2)
Your spells are a little harder to cast, but a little more powerful.


Message History

A shower of butterflies erupts from you!
The ghost moth is engulfed in blazing flames.
You block the ghost moth's attack.
The ghost moth hits you but does no damage.
The ghost moth stings you but does no damage.
Unknown command.
You completely miss the slime creature.
The slime creature is lightly wounded.
The slime creature is engulfed in blazing flames.
The slime creature hits you!
The ghost moth is engulfed in blazing flames.
The ghost moth stares at you.
You feel your power leaking away. The ghost moth hits you!
* * * LOW HITPOINT WARNING * * *
You feel dopey. You block the ghost moth's attack.
The ghost moth closely misses you.
Unknown command.
You feel more experienced!
Your Unarmed Combat skill increases to level 14!
You have reached level 14!
The large slime creature hits you!
* * * LOW HITPOINT WARNING * * *
The slime creature is engulfed in blazing flames.
The slime creature hits you but does no damage.
The ghost moth is engulfed in blazing flames.
You block the ghost moth's attack.
The ghost moth hits you but does no damage.
You block the ghost moth's attack.
Okay, then.
You feel much better. The large slime creature hits you!!!
* * * LOW HITPOINT WARNING * * *
The slime creature is engulfed in blazing flames.
You block the slime creature's attack.
The ghost moth is engulfed in blazing flames.
The ghost moth stares at you.
You feel your power leaking away. The ghost moth hits you!
You die...
Xom chuckles heartily!

#...............
#.############## #.# #.#
#.# #.############## #
#...............
#####.###..#############
..(..by@J.b...... ##
.####.J##..###### #.
#.... #..... #. #....
#..#####.... #. #....
.... .... ## #.... #..#.
#... ## ..... .....#
#... #.# .####. ##+ #
#...##.# #......#


You could see a ghost moth (invisible), a large slime creature (ally target) and
a slime creature.

Vanquished Creatures
  2 ironbound frosthearts (IceCv)
  3 hydras
  2 boulder beetles
  4 centaur warriors
  3 two-headed ogres
  A death knight (D:13)
  3 death yaks (IceCv)
  A skeletal warrior (D:13)
  3 deep elf pyromancers
  An orc knight (D:13)
  3 manticores
  An ugly thing (D:12)
  3 cyclopes
  A gargoyle (D:13)
  An unseen horror (D:13)
  2 komodo dragons (D:12)
  2 trolls
  10 polar bears (IceCv)
  A snapping turtle (D:14)
  A centaur simulacrum (D:14)
  2 wraiths
  2 shadows
  2 basilisks
  6 wyverns
  A vampire (D:10)
  25 yaks
  A hog (D:9)
  2 steam dragons (D:8)
  A hog (shapeshifter) (IceCv)
  Menkaure (D:5)
  5 vampire mosquitoes
  4 acid dragons
  3 water moccasins
  A swamp drake (D:11)
  3 sky beasts
  5 orc warriors
  A hornet zombie (D:8)
  6 ogres
  2 ice beasts
  A tengu (D:8)
  14 wolves (IceCv)
  3 necrophages
  9 centaurs
  2 phantoms
  A kobold brigand (D:9)
  3 gnoll sergeants
  4 scorpions
  A wyvern skeleton (D:5)
  A water moccasin skeleton (D:6)
  3 killer bees (D:7)
  4 wights
  6 howler monkeys
  An electric eel (D:7)
  7 centaur zombies
  3 hounds
  2 gnoll shamans
  5 centaur skeletons
  8 orc priests
  2 jellies (D:6)
  Ijyb (D:5)
  10 orc wizards
  6 iguanas
  A howler monkey zombie (D:10)
  A mummy (D:10)
  22 gnolls
  5 adders
  2 shadow imps
  12 white imps (D:13)
  2 worms
  2 dart slugs
  38 orcs
  6 bats
  8 endoplasms
  2 giant cockroaches (D:2)
  10 goblins
  5 hobgoblins
  5 jackals
  18 kobolds
  3 quokkas
  7 ball pythons
  A rat (D:2)
368 creatures vanquished.

Vanquished Creatures (collateral kills)
  An ogre mage (D:13)
  A cyclops (D:13)
  A centaur skeleton (D:13)
  A killer bee zombie (D:7)
4 creatures vanquished.

Vanquished Creatures (others)
  A gargoyle (D:13)
  4 polar bears (IceCv)
  A yak (IceCv)
  2 ogres (D:13)
  A wolf (IceCv)
  An orc priest (D:13)
  3 fungi (D:11)
  5 plants
  6 withered plants
24 creatures vanquished.

Grand Total: 396 creatures vanquished

Notes
Turn   | Place    | Note
-------+----------+-------------------------------------------
     0 | D:1      | Sharkman1231 the Demonspawn Chaos Knight began the quest
                  | for the Orb.
     0 | D:1      | Reached XP level 1. HP: 18/18 MP: 1/1
    56 | D:1      | Reached skill level 1 in Dodging
    61 | D:1      | XOM: silly message
   123 | D:1      | XOM: divination: detect creatures
   184 | D:1      | Gained mutation: You are partially covered in rugged brown
                  | scales. (AC +1, +3% HP) [demonic ancestry]
   184 | D:1      | Reached XP level 2. HP: 10/24 MP: 2/2
   250 | D:1      | XOM: silly message
   522 | D:1      | Found a faded altar of an unknown god.
   641 | D:1      | XOM: enchant monster (good)
   746 | D:1      | XOM: noise
  1162 | D:2      | Gained mutation: Your demonic aura sometimes causes spilled
                  | blood to erupt in flames. [demonic ancestry]
  1162 | D:2      | Reached XP level 3. HP: 29/29 MP: 3/3
  1424 | D:2      | XOM: 3-stop teleportation journey
  1925 | D:2      | XOM: cloud trail
  2220 | D:2      | XOM: enchant monster (bad)
  2374 | D:2      | XOM: give mutations
  2374 | D:2      | Gained mutation: You are clumsy. (Dex -2) [Xom's mischief]
  2374 | D:2      | Gained mutation: You are dopey. (Int -2) [Xom's mischief]
  2374 | D:2      | Gained mutation: Your body sometimes deteriorates upon
                  | taking damage. [Xom's mischief]
  2525 | D:2      | XOM: silly message
  2891 | D:3      | XOM: silly message
  3113 | D:3      | XOM: god gift: glowing quarterstaff {god gift}
  3387 | D:3      | XOM: silly message
  3478 | D:4      | Gained mutation: You have sharp fingernails. [demonic
                  | ancestry]
  3478 | D:4      | Reached XP level 4. HP: 29/36 MP: 4/4
  3562 | D:4      | Reached skill level 1 in Short Blades
  3625 | D:4      | Found a staircase to the Ecumenical Temple.
  3758 | D:4      | Noticed an ogre
  3759 | D:4      | XOM: potion effect (berserk rage)
  3764 | D:4      | XOM: butterfly on damage
  3770 | D:4      | Killed an ogre
  3771 | D:4      | Reached skill level 1 in Unarmed Combat
  3771 | D:4      | Reached XP level 5. HP: 43/43 MP: 5/5
  4109 | D:4      | Found a one-way gate to the infinite horrors of the Abyss.
  4126 | D:4      | Noticed Fek's ghost (amateur MiBe)
  4128 | D:4      | Noticed a toenail golem
  4131 | D:4      | Found a transporter.
  4144 | D:4      | Found a transporter.
  4236 | D:4      | Found a hide-covered altar of Uskayaw.
  4236 | D:4      | Found a shimmering blue altar of Sif Muna.
  4338 | D:4      | XOM: draining
  4429 | D:4      | XOM: scenery: create altars
  4520 | Temple   | Entered the Ecumenical Temple
  4587 | D:5      | Entered Level 5 of the Dungeon
  4648 | D:5      | XOM: give mutations
  4648 | D:5      | Gained mutation: You have supernaturally acute eyesight.
                  | (SInv) [Xom's grace]
  4648 | D:5      | Gained mutation: Your spells are a little harder to cast,
                  | but a little more powerful. [Xom's grace]
  4648 | D:5      | Gained mutation: You have a somewhat thin skeletal
                  | structure. (Dex +2, Stealth+) [Xom's grace]
  4738 | D:5      | XOM: summons 5 friendly demons
  4742 | D:5      | Reached skill level 2 in Unarmed Combat
  4742 | D:5      | Gained mutation: Your demonic aura often causes spilled
                  | blood to erupt in flames. [demonic ancestry]
  4742 | D:5      | Reached XP level 6. HP: 34/45 MP: 6/6
  4770 | D:5      | Noticed Ijyb
  4779 | D:5      | Killed Ijyb
  4856 | D:5      | Noticed a water moccasin
  4865 | D:5      | Killed a water moccasin
  4866 | D:5      | Reached skill level 3 in Unarmed Combat
  4866 | D:5      | Reached XP level 7. HP: 55/56 MP: 7/7
  4972 | D:5      | XOM: give mutations
  4972 | D:5      | Gained mutation: Your flesh is heat resistant. (rF+) [Xom's
                  | grace]
  4972 | D:5      | Lost mutation: You are clumsy. (Dex -2) [Xom's grace]
  5035 | D:5      | XOM: scenery: summon butterflies
  5121 | D:5      | Noticed Menkaure
  5128 | D:5      | Killed Menkaure
  5179 | D:5      | XOM: noise
  5185 | D:5      | Reached skill level 4 in Unarmed Combat
  5185 | D:5      | Reached XP level 8. HP: 59/62 MP: 8/8
  5339 | D:5      | XOM: chaos upgrade
  5357 | D:5      | Reached skill level 5 in Fighting
  5502 | D:5      | XOM: give mutations
  5502 | D:5      | Gained mutation: Your flesh is very heat resistant. (rF++)
                  | [Xom's mischief]
  5502 | D:5      | Gained mutation: You are clumsy. (Dex -2) [Xom's mischief]
  5892 | D:6      | Reached skill level 5 in Unarmed Combat
  5990 | D:6      | XOM: stat loss: -1 Int (11/12)
  6090 | D:6      | XOM: polymorph orc wizard -> howler monkey
  6476 | D:7      | Found Xipt's Assorted Antiques.
  6504 | D:7      | Reached XP level 9. HP: 69/71 MP: 9/9
  6511 | D:7      | Bought a scroll labelled ZEANONU FAENEA for 29 gold pieces
  6511 | D:7      | Bought a scroll labelled QEGGIADUMU for 29 gold pieces
  6511 | D:7      | Bought 2 metallic inky potions for 52 gold pieces
  6511 | D:7      | Bought a grey potion for 26 gold pieces
  6511 | D:7      | Bought a purple potion for 26 gold pieces
  6547 | D:7      | Found a transporter.
  6555 | D:7      | Found a transporter.
  6557 | D:7      | Found a bloodstained altar of Trog.
  6557 | D:7      | Noticed a moth of wrath
  6557 | D:7      | Noticed KrombopulosMichael's ghost (novice FoEE)
  6560 | D:7      | Noticed a cyclops
  6568 | D:7      | Noticed a troll
  6575 | D:7      | XOM: silly message
  6697 | D:7      | XOM: summons friendly crimson imp
  6805 | D:7      | Reached skill level 5 in Armour
  6805 | D:7      | Reached skill level 6 in Unarmed Combat
  6863 | D:7      | XOM: cast spell 'Summon Ice Beast'
  6968 | D:7      | XOM: god gift: +3 arbalest of flaming
  7000 | D:7      | XOM: give mutations
  7000 | D:7      | Gained mutation: You occasionally shout uncontrollably at
                  | your foes. [Xom's mischief]
  7000 | D:7      | Lost mutation: Your spells are a little harder to cast, but
                  | a little more powerful. [Xom's mischief]
  7000 | D:7      | Gained mutation: You are weak. (Str -2) [Xom's mischief]
  7012 | D:7      | XOM: give mutations
  7012 | D:7      | Lost mutation: You are clumsy. (Dex -2) [Xom's mischief]
  7012 | D:7      | Lost mutation: Your body sometimes deteriorates upon taking
                  | damage. [Xom's mischief]
  7235 | D:8      | Noticed a two-headed ogre
  7237 | D:8      | XOM: summons 3 friendly demons
  7246 | D:8      | XOM: confusion (+ monsters)
  7266 | D:8      | XOM: potion effect (curing)
  7280 | D:8      | XOM: confuse monster(s)
  7282 | D:8      | XOM: chaos upgrade
  7284 | D:8      | Killed a two-headed ogre
  7285 | D:8      | Reached skill level 5 in Dodging
  7393 | D:8      | Noticed a troll
  7398 | D:8      | XOM: swap monsters
  7402 | D:8      | Killed a troll
  7411 | D:8      | Reached skill level 7 in Unarmed Combat
  7582 | D:8      | Reached skill level 5 in Short Blades
  7582 | D:8      | Gained mutation: You have very sharp fingernails. [demonic
                  | ancestry]
  7582 | D:8      | Reached XP level 10. HP: 70/79 MP: 10/10
  7589 | D:8      | XOM: confuse monster(s)
  7605 | D:8      | XOM: silly message
  7608 | D:8      | XOM: polymorph steam dragon -> tengu
  7609 | D:8      | XOM: cleaving
  7847 | D:8      | Found a snail-covered altar of Cheibriados.
  8241 | D:9      | XOM: stat loss: -1 Int (12/13)
  8243 | D:9      | XOM: summons 6 hostile demons
  8264 | D:9      | XOM: 4-stop teleportation journey
  8406 | D:9      | Reached skill level 8 in Unarmed Combat
  8416 | D:9      | Reached skill level 1 in Shields
  8420 | D:9      | Learned a level 2 spell: Corpse Rot
  8524 | D:9      | Found an iron altar of Okawaru.
  8748 | D:9      | Found an iron altar of Okawaru.
  8941 | D:9      | XOM: polymorph yak -> hog
  9004 | D:10     | Entered Level 10 of the Dungeon
  9006 | D:10     | XOM: chaos cloud
  9017 | D:10     | Reached skill level 1 in Necromancy
  9020 | D:10     | XOM: confusion (+ monsters)
  9076 | D:10     | XOM: enchant monster (bad)
  9105 | D:10     | XOM: cast spell 'Statue Form'
  9202 | D:10     | XOM: divination: detect creatures
  9208 | D:10     | XOM: enchant monster (good)
  9221 | D:10     | Gained mutation: Spells you cast may paralyse adjacent
                  | enemies. [demonic ancestry]
  9221 | D:10     | Reached XP level 11. HP: 86/86 MP: 11/11
  9254 | D:10     | XOM: cloud trail
  9413 | D:10     | Found a shimmering altar of Xom.
  9450 | D:10     | XOM: noise
  9452 | D:10     | XOM: noise
  9578 | D:11     | XOM: stealth player
  9589 | D:11     | Noticed a five-headed hydra
  9592 | D:11     | XOM: 6-stop teleportation journey
  9728 | D:11     | XOM: confuse monster(s)
  9736 | D:11     | Found a staircase to the Lair.
  9737 | D:11     | Noticed a two-headed ogre
  9739 | D:11     | XOM: silly message
  9750 | D:11     | XOM: polymorph scorpion -> acid dragon
  9751 | D:11     | Reached skill level 9 in Unarmed Combat
  9761 | D:11     | Killed a two-headed ogre
  9791 | D:11     | Noticed a two-headed ogre
  9800 | D:11     | Killed a five-headed hydra
  9803 | D:11     | XOM: enchant monster (bad)
  9820 | D:11     | Killed a two-headed ogre
  9897 | D:11     | Noticed a four-headed hydra
  9898 | D:11     | XOM: enchant monster (good)
  9903 | D:11     | Killed a four-headed hydra
  9934 | D:11     | XOM: enchant monster (good)
  9969 | D:11     | XOM: give mutations
  9969 | D:11     | Gained mutation: Your body sometimes deteriorates upon
                  | taking damage. [Xom's mischief]
  9969 | D:11     | Gained mutation: Your spells are a little harder to cast,
                  | but a little more powerful. [Xom's mischief]
  9969 | D:11     | Gained mutation: You are frail. (-10% HP) [Xom's mischief]
 10058 | D:11     | Identified the +2 ring mail of Neth {+Inv rF+ rN+}
 10077 | D:11     | XOM: summons friendly quasit
 10080 | D:11     | XOM: summons friendly shadow imp
 10459 | D:11     | XOM: give mutations
 10459 | D:11     | Gained mutation: Your flesh is almost immune to the effects
                  | of heat. (rF+++) [Xom's grace]
 10459 | D:11     | Gained mutation: You possess an exceptional clarity of
                  | mind. [Xom's grace]
 10467 | D:11     | Found a staircase to the Orcish Mines.
 10497 | D:11     | XOM: cast spell 'Necromutation'
 10621 | D:11     | Reached skill level 1 in Spellcasting
 10685 | D:11     | XOM: god gift: 18 arrows
 10907 | D:11     | XOM: summons 3 hostile shadow creatures
 10908 | D:11     | Noticed a boulder beetle
 10908 | D:11     | Noticed a two-headed ogre
 10998 | D:12     | Noticed a green ugly thing
 11007 | D:12     | Killed a green ugly thing
 11086 | D:12     | Noticed a five-headed hydra
 11094 | D:12     | Killed a five-headed hydra
 11095 | D:12     | Reached XP level 12. HP: 54/87 MP: 12/14
 11231 | D:12     | You fall into a shaft and drop 1 floor!
 11235 | D:13     | Noticed a centaur warrior
 11241 | D:13     | XOM: silly message
 11242 | D:13     | Killed a centaur warrior
 11243 | D:13     | Reached skill level 10 in Unarmed Combat
 11259 | D:13     | XOM: silly message
 11270 | D:13     | XOM: silly message
 11283 | D:13     | Found a frozen archway.
 11283 | D:13     | XOM: swap monsters
 11284 | D:13     | XOM: enchant monster (good)
 11288 | D:13     | XOM: fog
 11295 | IceCv    | Entered an ice cave
 11356 | IceCv    | XOM: 1-stop teleportation journey
 11363 | IceCv    | XOM: scenery: summon butterflies
 11366 | IceCv    | XOM: noise
 11430 | IceCv    | Noticed an ironbound frostheart
 11430 | IceCv    | Noticed a death yak
 11431 | IceCv    | Noticed an ironbound frostheart
 11436 | IceCv    | XOM: cast spell 'Call Canine Familiar'
 11461 | IceCv    | XOM: noise
 11468 | IceCv    | XOM: cast spell 'Summon Small Mammal'
 11479 | IceCv    | Killed a death yak
 11486 | IceCv    | Reached skill level 5 in Necromancy
 11510 | IceCv    | Killed an ironbound frostheart
 11534 | IceCv    | XOM: 2-stop teleportation journey
 11539 | IceCv    | XOM: fog
 11550 | IceCv    | XOM: noise
 11577 | IceCv    | Noticed a death yak
 11579 | IceCv    | Noticed a death yak
 11582 | IceCv    | XOM: polymorph polar bear -> shapeshifter
 11593 | IceCv    | XOM: destruction
 11603 | IceCv    | Killed a death yak
 11604 | IceCv    | Killed a death yak
 11864 | IceCv    | Killed an ironbound frostheart
 11923 | IceCv    | Identified the +10 quarterstaff of Destruction {speed, rC+
                  | Will+}
 12008 | IceCv    | XOM: 4-stop teleportation journey
 12250 | D:13     | XOM: noise
 12271 | D:13     | Reached skill level 11 in Unarmed Combat
 12278 | D:13     | XOM: god gift: potion of heal wounds
 12278 | D:13     | XOM: smoke on damage
 12296 | D:13     | XOM: scenery: summon butterflies
 12398 | D:12     | XOM: 2-stop teleportation journey
 12701 | D:12     | Noticed a boulder beetle
 12712 | D:12     | XOM: scenery: create altars
 12721 | D:12     | Killed a boulder beetle
 12722 | D:12     | Gained mutation: You are mostly covered in rugged brown
                  | scales. (AC +2, +5% HP) [demonic ancestry]
 12722 | D:12     | Reached XP level 13. HP: 49/95 MP: 19/19
 13188 | D:13     | XOM: fog
 13255 | D:13     | XOM: divine lightning
 13257 | D:13     | Identified the +2 robe of the Untouchables {*Corrode Will+
                  | Slay+6}
 13392 | D:14     | XOM: potion effect (haste)
 13410 | D:14     | XOM: fog
 13484 | D:13     | XOM: enchant monster (good)
 13561 | D:13     | XOM: 6-stop teleportation journey
 13576 | D:13     | Reached skill level 10 in Fighting
 13587 | D:13     | Reached skill level 12 in Unarmed Combat
 13591 | D:13     | XOM: cast spell 'Summon Horrible Things'
 13636 | D:13     | XOM: smoke on damage
 13668 | D:13     | XOM: 1-stop teleportation journey
 13737 | D:13     | XOM: cast spell 'Monstrous Menagerie'
 13838 | D:13     | XOM: summons 4 friendly demons
 13913 | D:13     | Found a gate to the Vaults.
 14146 | D:14     | Identified Roxanne's Grimoire of Shape Shifting
 14146 | D:14     | Noticed Roxanne
 14180 | D:14     | You fall into a shaft and drop 1 floor!
 14180 | D:15     | Entered Level 15 of the Dungeon
 14226 | D:15     | XOM: enchant monster (good)
 14315 | D:15     | XOM: confuse monster(s)
 14316 | D:15     | XOM: cleaving
 14330 | D:15     | Reached skill level 13 in Unarmed Combat
 14387 | D:15     | Found a bloodstained altar of Trog.
 14514 | D:15     | Noticed a ghost moth
 14514 | D:15     | a slime creature changed into a ghost moth
 14514 | D:15     | XOM: polymorph slime creature -> ghost moth
 14514 | D:15     | XOM: butterfly on damage
 14516 | D:15     | Reached skill level 14 in Unarmed Combat
 14516 | D:15     | Reached XP level 14. HP: 31/104 MP: 7/20
 14517 | D:15     | Slain by a ghost moth

Illustrated notes

Levels and vault maps discovered:
D:1:      minmay_arrival_loop, layout_loops_ring,
          shapermc_ecumenical_altar_flowoftime, minmay_pentomino_t4
D:2:      layout_basic, nrook_uturn, roderic_lattice_a, grunt_ministairs_14
D:3:      layout_loops_ring
D:4:      layout_loops_cross, gammafunk_temple_overflow_pools, temple_statues,
          gammafunk_ghost_abyssal_escape, minmay_bent
D:5:      layout_loops_ring, corexii_corridor_pit, minmay_strange_pillars,
          grunt_ministairs_4, lightli_minifort, uniq_ijyb, uniq_menkaure
D:6:      layout_basic, minmay_a_box_with_orc_wizards_in_it
D:7:      layout_basic, gammafunk_ghost_wrathful_warriors, serial_shops, shop,
          kennysheep_minor_cross
D:8:      kennysheep_blocky_room, layout_basic, cheibriados_altar_1,
          minmay_fractal_squares_5
D:9:      layout_roguey, david_defended_altar_orc
D:10:     layout_basic, lemuel_coloured_pillars_altar, serial_undead,
          serial_undead_f, serial_undead_b, serial_undead_d, serial_undead_b,
          serial_undead_b
D:11:     layout_basic, minmay_lair_entry_grove, erik_orc_1
D:12:     layout_basic
D:13:     layout_small_grid, hangedman_vaults_entry_quadrant_bands,
          portal_ice_cave_entry_imps
D:14:     layout_loops_ring, minivault_26, wad_mini_maze, uniq_roxanne
D:15:     grunt_enter_depths_snipers, layout_basic, minmay_misc_feat_enclosed,
          trog_butcher_becter
Temple:   dpeg_five_rooms_temple

Skill      XL: |  1  2  3  4  5  6  7  8  9 10 11 12 13 |
---------------+----------------------------------------+-----
Dodging        | 1 2 3 4 5 6 7 8 |  8.0
Armour         | 2 3 4 5 6 7 8 |  8.0
Maces & Flails | 3 |  3.4
Short Blades   | 1 2 3 5 6 |  6.0
Unarmed Combat | 1 2 3 4 5 7 8 9 11 14 | 14.1
Fighting       | 4 5 6 7 8 9 10 | 10.0
Shields        | 2 3 4 |  4.0
Necromancy     | 2 4 6 |  6.0
Spellcasting   | 1 4 |  4.0

Action                   |  1- 3 |  4- 6 |  7- 9 | 10-12 | 13-15 || total
-------------------------+-------+-------+-------+-------+-------++-------
Melee: Mace              |    45 |       |       |       |       ||    45
       Short sword       |    95 |    72 |    87 |       |       ||   254
       Punch             |       |     1 |     5 |     4 |       ||    10
       Unarmed           |       |     8 |   192 |   562 |   185 ||   947
Throw: Throwing net      |       |       |       |     1 |       ||     1
 Cast: Corpse Rot        |       |       |       |     1 |     1 ||     2
Evoke: Wand              |       |       |     8 |    15 |     4 ||    27
       Condenser vane    |       |       |       |     1 |       ||     1
  Use: Scroll            |       |       |     1 |    12 |     4 ||    17
       Potion            |       |       |       |     3 |     3 ||     6
 Stab: Sleeping          |     4 |     1 |     3 |     5 |     1 ||    14
       Invisible         |       |       |     1 |       |       ||     1
       Distracted        |       |       |     1 |       |     1 ||     2
       Confused          |       |       |       |     2 |     1 ||     3
       Paralysed         |       |       |       |     1 |       ||     1
       Petrified         |       |       |       |     7 |       ||     7
Armor: Leather armour    |    50 |    13 |    76 |     9 |       ||   148
       Skin              |       |     2 |       |     4 |       ||     6
       Steam dragon scal |       |       |       |   283 |    57 ||   340
Dodge: Dodged            |    80 |    37 |   216 |   541 |   111 ||   985
Block: Buckler           |       |       |       |   146 |    48 ||   194
